Unix NetHack Version 3.7.0-97 Work-in-progress - last build Jan 20 2024 17:37:35 (157cf090cb53e479d994ec1a4552202481ff9585,branch:master). Game began 2024-01-23 10:22:52, ended 2024-01-23 10:43:11. elenmirie, lawful female human Knight ----- |...| |.[.-### |...| # |....## -.--- # # ### # ## # ## ## #-------- ----- ### )h%...........| ### @|............| --.------ #|.........\..| |....<..+ |............. |.......| ------.------- --------- Elenmirie the Esquire St:14 Dx:9 Co:13 In:8 Wi:16 Ch:17 Lawful Dlvl:5 $:36 HP:0(37) Pw:40(40) AC:3 Xp:5/262 T:2413 Burdened Fly Latest messages: You miss the giant rat. The giant rat misses! You kill the giant rat! You are in full health. There are several objects here. Hmmm, the chest turns out to be locked. You enter an opulent throne room! There is a doorway here. There are many objects here. The bugbear wakes up! The gnome king wakes up! The gnome king wields a crossbow! The crossbow welds itself to the gnome king's hand! There is a doorway here. There are many objects here. The gnome king picks up an orcish helm. The gnome king tries to wield a mace. The gnome king's crossbow is welded to his hand! The gnome king picks up an orcish dagger. The gnome king picks up a tripe ration. You hit the gnome king. The gnome king swings his crossbow. The gnome king hits! You feel strong! You must have been exercising diligently. You hit the gnome king! The gnome king swings his crossbow. The gnome king hits! The gnome king swings his crossbow. The gnome king just misses! You hit the gnome king. The gnome king turns to flee. You caitiff! You hit the gnome king. The gnome king picks up 2 darts. You caitiff! You kill the gnome king! The bugbear picks up a cursed crossbow. The bugbear zaps a wand called striking! You stop searching. The wand hits you! You miss the bugbear. The bugbear zaps a wand called striking! The wand hits you! You die... Do you want your possessions identified? [ynq] (y) y Do you want to see your attributes? [ynq] (y) y Do you want an account of creatures vanquished? [ynaq] (y) y Do you want to see your conduct and achievements? [ynq] (y) y Do you want to see the dungeon overview? [ynq] (y) y Inventory: Coins $ - 36 gold pieces Amulets s - an uncursed amulet of flying (being worn) Weapons m - 22 uncursed +0 darts (at the ready) a - an uncursed +1 long sword (weapon in right hand) b - an uncursed +1 lance (alternate weapon; not wielded) Armor d - an uncursed +0 helmet (being worn) f - an uncursed +0 pair of leather gloves (being worn) e - an uncursed +0 small shield (being worn) c - an uncursed +1 ring mail (being worn) Comestibles y - an uncursed holy hand grenade g - 4 uncursed apples h - 12 uncursed carrots k - an uncursed food ration p - an uncursed sprig of wolfsbane Scrolls w - an uncursed scroll of amnesia o - an uncursed scroll of confuse monster u - a blessed scroll of identify i - an uncursed scroll of identify Potions t - an uncursed potion of confusion x - an uncursed potion of full healing n - a cursed potion of restore ability Wands j - an uncursed wand of cancellation (0:5) l - an uncursed wand of striking (0:3) Tools r - an uncursed brass lantern Elenmirie the Knight's attributes: Background: You were an Esquire, a level 5 female human Knight. You were lawful, nominally on a mission for Lugh who was opposed by Brigit (neutral) and Manannan Mac Lir (chaotic). You were right-handed. You were in the Dungeons of Doom, on level 5. You entered the dungeon 2413 turns ago. You had 262 experience points, 58 more were needed to attain level 6. Basics: You had 0 out of 37 hit points. You had all 40 energy points (spell power). Your armor class was 3. Your wallet contained 36 zorkmids. Autopickup was on for '$' plus thrown. Final Characteristics: Your strength was 14 (limit:18/100). Your dexterity was 9 (limit:18). Your constitution was 13 (limit:18). Your intelligence was 8 (limit:18). Your wisdom was 16 (limit:18). Your charisma was 17 (limit:18). Final Status: You were flying. You weren't hungry. You were burdened; movement was slightly slowed. You were wielding a long sword. You had basic skill with long sword. Final Attributes: You were devoutly aligned. You could jump. You were warded. You are dead. Miscellaneous: You never encountered a bones level. Total elapsed playing time was 20 minutes and 17 seconds. Major events: Turn 1: elenmirie the lawful female human Knight entered the dungeon 1159: entered the Gnomish Mines 1218: attained the rank of Esquire (level 3) 2413: killed by a wand Vanquished creatures: a horse a gnome ruler 6 bugbears 3 gnome leaders a floating eye a kitten a homunculus an iguana 2 coyotes 2 large kobolds 8 hobgoblins 3 giant rats 2 yellow molds a red mold 2 gnomes a gnome zombie 3 geckos 8 jackals a fox 4 kobolds 2 goblins 2 sewer rats 2 grid bugs a bat 3 lichens a kobold zombie 4 newts 67 creatures vanquished. No species were genocided or became extinct. Voluntary challenges: You were an atheist. You were illiterate. You never engraved Elbereth. You never genocided any monsters. You never polymorphed an object. You never changed form. You used no wishes. Achievements: You entered a shop. You entered the Gnomish Mines. You attained the rank of Esquire. The Dungeons of Doom: levels 1 to 5 Level 1: Level 2: Level 3: Stairs down to The Gnomish Mines. Level 4: Some fountains, a sink. Level 5: <- You were here. A throne. Final resting place for you, killed by a wand. The Gnomish Mines: Level 4: Game over: ---------- / \ / REST \ / IN \ / PEACE \ / \ | elenmirie | | 36 Au | | killed by a wand | | | | | | | | 2024 | *| * * * | * _________)/\\_//(\/(/\)/\//\/|_)_______ Fare thee well elenmirie the Knight... You died in The Dungeons of Doom on dungeon level 5 with 1281 points, and 36 pieces of gold, after 2413 moves. You were level 5 with a maximum of 37 hit points when you died.